 Dungeon Crawl Stone Soup version 0.20.1-1-g8b1a95d (webtiles) character file.

116 camposddc the Chopper (level 4, -6/41 HPs)
             Began as a Minotaur Fighter on Nov 1, 2017.
             Was an Initiate of Okawaru.
             Mangled by Sigmund
             ... wielding a +0 scythe
              (8 damage)
             ... on level 2 of the Dungeon.
             The game lasted 00:03:42 (1329 turns).

camposddc the Chopper (Minotaur Fighter)            Turns: 1329, Time: 00:03:43

Health: -6/41      AC:  7    Str: 21    XL:     4   Next: 69%
Magic:  3/3        EV:  8    Int:  5    God:    Okawaru [......]
Gold:   58         SH:  9    Dex: 10    Spells: 3/3 levels left

rFire    + . .     SeeInvis .   t - +7 club
rCold    x . .     Gourm    .   c - +0 shield
rNeg     . . .     Faith    .   b - +0 scale mail
rPois    .         Spirit   .   (helmet restricted)
rElec    .         Reflect  .   (no cloak)
rCorr    .         Harm     .   (no gloves)
MR       .....                  (no boots)
Stlth    ..........             (no amulet)
Regen    0.2/turn               o - +1 ring of evasion
MPRegen  0.1/turn               u - ring of fire

@: no status effects
A: retaliatory headbutt, horns 2
a: Renounce Religion


You were on level 2 of the Dungeon.
You worshipped Okawaru.
Okawaru was noncommittal.
You were not hungry.

You visited 1 branch of the dungeon, and saw 2 of its levels.

You collected 58 gold pieces.

Inventory:

Hand Weapons
 a - a +0 war axe
 t - a +7 club (weapon)
Armour
 b - a +0 scale mail (worn)
 c - a +0 shield (worn)
Jewellery
 o - a +1 ring of evasion (left hand)
 u - a ring of fire (right hand)
Scrolls
 h - 3 scrolls of blinking {unknown}
 k - 2 scrolls of enchant weapon {unknown}
 m - a scroll of enchant armour {unknown}
 p - a scroll of remove curse {unknown}
 q - a scroll of identify {unknown}
Potions
 d - a potion of might
 e - a potion of brilliance {unknown}
 i - a potion of haste {unknown}
 j - a potion of curing {unknown}
 l - a potion of flight {unknown}
 n - a potion of lignification {unknown}
 s - a potion of mutation {unknown}
Comestibles
 f - a bread ration
 g - a royal jelly
 r - 3 chunks of flesh


   Skills:
 + Level 4.4 Fighting
 - Level 4.6 Axes
 + Level 4.5 Armour
 + Level 3.7 Shields


You had 3 spell levels left.
You didn't know any spells.

Dungeon Overview and Level Annotations

Branches:
Dungeon (2/15)

Altars:
Dithmenos
Okawaru
Sif Muna

Annotations:
D:2 Sigmund


Innate Abilities, Weirdness & Mutations

You reflexively headbutt those who attack you in melee.
You have a pair of horns on your head.


Message History

You hit something.
You hear some strange, mumbled words.
Something tries to affect you, but you resist.
You miss something. Something hits you.
You hit something. Something hits you!
You closely miss something. Something hits you.
* * * LOW HITPOINT WARNING * * *
You barely miss something. Something hits you!
* * * LOW HITPOINT WARNING * * *
You hit something. You sock something!
You hear some strange, mumbled words.
A magic dart appears from out of thin air!
The magic dart hits you!
* * * LOW HITPOINT WARNING * * *
You block something's attack.
You completely miss something. Your headbutt misses something.
Your shield and scale mail prevent you from hitting something.
Something hits you!
You die...

#..........# #.#....
#..........# #.###..
#..........# #.# #..
#..........# #.# #..
#..........# #.###.>
#..........# #...##.
#..........# ###.##.
#..........######....
###.@....####........
+.{....# #........
#......# #........
#......# #........
#......# #........
#......# #......(.
#......# #........
#..?...# #........
#####+###


There were no monsters in sight!

Vanquished Creatures
  Jessica (D:2)
  Natasha (twice) (D:2)
  An adder (D:2)
  A worm (D:2)
  2 dart slugs (D:1)
  3 bats
  4 giant cockroaches
  2 goblins
  A hobgoblin (D:2)
  2 ball pythons (D:1)
  3 frilled lizards
  4 kobolds (D:1)
  3 rats
29 creatures vanquished.

Notes
Turn   | Place    | Note
-------+----------+-------------------------------------------
     0 | D:1      | camposddc the Minotaur Fighter began the quest for the Orb.
     0 | D:1      | Reached XP level 1. HP: 19/19 MP: 0/0
   279 | D:1      | Reached XP level 2. HP: 25/27 MP: 1/1
   559 | D:2      | Found an iron altar of Okawaru.
   561 | D:2      | Found a deep blue altar of Sif Muna.
   561 | D:2      | Found a shadowy altar of Dithmenos.
   571 | D:2      | Became a worshipper of Warmaster Okawaru
   688 | D:2      | Noticed Natasha
   691 | D:2      | Noticed a crimson imp
   693 | D:2      | Killed Natasha
   693 | D:2      | Reached XP level 3. HP: 25/33 MP: 2/2
   797 | D:2      | Noticed Natasha
   809 | D:2      | Killed Natasha
   809 | D:2      | Reached XP level 4. HP: 19/40 MP: 3/3
  1158 | D:2      | Noticed Jessica
  1176 | D:2      | Killed Jessica
  1313 | D:2      | Noticed Sigmund
  1327 | D:2      | HP: 2/41 [something/magic dart (3)]
  1329 | D:2      | Mangled by Sigmund

Skill      XL: |  1  2  3 |
---------------+----------+-----
Axes           | 3 4 |  4.6
Fighting       | 4 |  4.4
Armour         | 4 |  4.5
Shields        | |  3.7

Action                   |  1- 3 |  4- 6 || total
-------------------------+-------+-------++-------
Melee: War axe           |    46 |    16 ||    62
       Headbutt          |     6 |     6 ||    12
       Club              |       |    19 ||    19
  Eat: Chunk             |       |     1 ||     1
Armor: Scale mail        |    16 |     6 ||    22
Dodge: Dodged            |    12 |     5 ||    17
Block: Shield            |    21 |     9 ||    30
